 Dungeon Crawl Stone Soup version 0.24.0-37-gcf1ca852f1 (webtiles) character file.

Game seed: 1995613407972730863, levelgen mode: deterministic

1578 H0rd4k the Thaumaturge (level 8, -1/43 HPs)
             Began as a Deep Elf Wizard on Dec 2, 2019.
             Shot with an arrow by a centaur (17 damage)
             ... on level 6 of the Dungeon.
             The game lasted 00:13:52 (6635 turns).

H0rd4k the Thaumaturge (Deep Elf Wizard)            Turns: 6635, Time: 00:13:53

Health: -1/43      AC:  2    Str:  4    XL:     8   Next: 60%
Magic:  24/24      EV: 14    Int: 26    God:
Gold:   477        SH:  0    Dex: 17    Spells: 18/27 levels left

rFire    x . .     SeeInvis .   (no weapon)
rCold    + . .     Gourm    .   (no shield)
rNeg     . . .     Faith    .   a - +0 robe
rPois    .         Spirit   .   b - +0 hat
rElec    .         Reflect  .   (no cloak)
rCorr    .         Harm     .   (no gloves)
MR       .....                  (no boots)
Stlth    +++.......             v - amulet of magic regeneration
HPRegen  0.14/turn              h - ring of ice
MPRegen  0.44/turn              u - +4 ring of dexterity

@: no status effects
A: no striking features
a: no special abilities


You were on level 6 of the Dungeon.
You were not hungry.

You visited 1 branch of the dungeon, and saw 6 of its levels.
You also visited: Ossuary.

You collected 477 gold pieces.

Inventory:

Missiles
 y - 2 boomerangs of dispersal (quivered)
Armour
 a - a +0 robe (worn)
 b - a +0 hat (worn)
Jewellery
 h - a ring of ice (left hand)
 t - an uncursed ring of ice
 u - a +4 ring of dexterity (right hand)
 v - an amulet of magic regeneration (around neck)
 C - an uncursed ring of magical power {unknown}
Scrolls
 e - 2 scrolls of identify
 g - 2 scrolls of blinking {unknown}
 i - 6 scrolls of remove curse {unknown}
 j - 2 scrolls of teleportation {unknown}
 k - 3 scrolls of magic mapping {unknown}
 o - 2 scrolls of fog {unknown}
 r - 2 scrolls of fear {unknown}
 s - a scroll of amnesia {unknown}
 w - a scroll of enchant armour {unknown}
 F - a scroll of vulnerability {unknown}
Potions
 c - 4 potions of might
 f - a potion of cancellation
 l - 3 potions of curing
 m - 4 potions of flight {unknown}
 n - 2 potions of mutation {unknown}
 p - a potion of invisibility {unknown}
 q - a potion of degeneration {unknown}
 x - 2 potions of brilliance
 z - 2 potions of haste
 A - a potion of heal wounds {unknown}
 B - 2 potions of agility {unknown}
 D - a potion of berserk rage {unknown}
Comestibles
 d - 8 rations
 E - a chunk of flesh


   Skills:
 + Level 1.3 Fighting
 + Level 4.2 Dodging
 + Level 3.9 Stealth
 + Level 10.3 Spellcasting
 + Level 6.8 Conjurations
   Level 1.1 Summonings
 + Level 1.8 Translocations
 + Level 2.4 Fire Magic


You had 18 spell levels left.
You knew the following spells:

 Your Spells              Type           Power        Failure   Level  Hunger
a - Magic Dart            Conj           ####         1%          1    None
b - Blink                 Tloc           N/A          3%          2    None
c - Conjure Flame         Conj/Fire      #####...     1%          3    None
d - Mephitic Cloud        Conj/Pois/Air  ####....     5%          3    None

Your spell library contained the following spells:

 Spells                   Type           Power        Failure   Level  Hunger
 Call Imp                 Summ           ###.....     4%          2    None
 Slow                     Hex            ##......     7%          2    None


Dungeon Overview and Level Annotations

Branches:
Dungeon (6/15)             Temple (0/1) D:4         Ossuary (visited)

Altars:
Dithmenos
Trog
Xom

Annotations:
D:3 exclusion: downstairs, Grinder
D:4 exclusions: downstairs and water moccasin
D:5 2 runed translucent doors, Delamore's ghost, amateur HOFi


Message History

You start resting.
Magic restored.
You are feeling hungry.
Eating one of 2 chunks of flesh.
You eat one of the 2 chunks of flesh.
This raw flesh tastes terrible.
k - 3 scrolls labeled XEOSOTH LU NEXECOC (gained 1)
A centaur comes into view.
Casting: Magic Dart (safe; 1% risk of failure)
Confirm with . or Enter, or press ? or * to list all spells.
Aiming: Magic Dart (safe; 1% risk of failure)
Press: ? - help, Shift-Dir - straight line, f - centaur
Aim: a centaur (resting)
The magic dart hits the centaur.
The centaur is lightly wounded.
The centaur shouts!
The centaur wields a +0 shortbow.
The centaur shoots an arrow.
The arrow hits you!
The centaur shoots an arrow.
The arrow hits you!
The centaur shoots an arrow.
The arrow hits you!
You die...

... ### #.# #.. # #.# #c# ..
#.# #.## #. #.#
#.##.#.#####.#
#.##.#.......#####
#......(.........#
#@#.#.#.#.#.####.#
################(#...).....#
#.#
.................#.#.#.#.#.#
#.#
.###############.#.........#
#.# .# #..#.#.#.#.#.# #)# .#
#.##.........# #.# .#
.....#.#.#.#.# #.# .#
#.##.........# #.# .#
.[.....#.########.#


You could see a centaur.

Vanquished Creatures
  A phantom (D:5)
  A sky beast (D:6)
  An ogre (D:4)
  A centaur (D:5)
  3 elf zombies (Ossuary)
  2 bullfrogs
  A water moccasin skeleton (D:5)
  A crimson imp (D:6)
  A bullfrog zombie (D:5)
  5 centaur zombies (Ossuary)
  A jelly (D:6)
  An orc priest (D:4)
  A hound (D:5)
  4 human zombies (Ossuary)
  An iguana (D:5)
  An orc wizard (D:6)
  6 worker ants
  3 mummies (Ossuary)
  Robin (D:3)
  3 gnolls (D:6)
  8 adders
  A shadow imp (D:5)
  An adder zombie (D:5)
  5 worms
  A dart slug (D:1)
  3 leopard geckos
  5 orcs
  A ball python (D:4)
  6 giant cockroaches
  11 goblins
  7 hobgoblins
  7 jackals
  7 kobolds
  2 quokkas
  5 bats
  6 frilled lizards
  A quokka skeleton (D:3)
  5 rats
121 creatures vanquished.

Vanquished Creatures (others)
  3 toadstools (D:3)
3 creatures vanquished.

Grand Total: 124 creatures vanquished

Notes
Turn   | Place    | Note
-------+----------+-------------------------------------------
     0 | D:1      | H0rd4k the Deep Elf Wizard began the quest for the Orb.
     0 | D:1      | Reached XP level 1. HP: 10/10 MP: 7/7
    17 | D:1      | Noticed a minotaur zombie
   256 | D:1      | Reached skill level 5 in Spellcasting
   256 | D:1      | Reached XP level 2. HP: 13/15 MP: 5/10
   940 | D:2      | Reached XP level 3. HP: 19/19 MP: 2/12
   944 | D:2      | Learned a level 2 spell: Blink
   948 | D:2      | Learned a level 3 spell: Conjure Flame
   952 | D:2      | Learned a level 3 spell: Mephitic Cloud
   987 | D:2      | Identified the +3 helmet of the Sparrow {rN+ MR++ Slay-4
                  | SInv}
   987 | D:2      | Noticed Robin
  1033 | D:3      | Noticed Grinder
  1638 | D:3      | Reached skill level 6 in Spellcasting
  1780 | D:3      | Reached XP level 4. HP: 24/24 MP: 9/14
  2313 | D:4      | Found a staircase to the Ecumenical Temple.
  2861 | D:4      | Noticed a water moccasin
  3001 | D:4      | Reached XP level 5. HP: 28/28 MP: 0/16
  3224 | D:4      | Noticed an ogre
  3272 | D:4      | Killed an ogre
  3272 | D:4      | Reached skill level 7 in Spellcasting
  3802 | D:3      | Killed Robin
  4015 | D:2      | Reached XP level 6. HP: 32/32 MP: 12/18
  4133 | D:2      | Found a shimmering altar of Xom.
  4236 | D:5      | Entered Level 5 of the Dungeon
  4257 | D:4      | HP: 1/32 [worm (10)]
  4679 | D:5      | Found a sand-covered staircase.
  4687 | Ossuary  | Entered an ossuary
  4904 | Ossuary  | Reached skill level 1 in Fire Magic
  4910 | Ossuary  | Reached skill level 8 in Spellcasting
  4910 | Ossuary  | Reached XP level 7. HP: 2/37 MP: 18/20
  5265 | Ossuary  | Reached skill level 5 in Conjurations
  5515 | D:5      | Found a large runed translucent door.
  5533 | D:5      | Found a large runed translucent door.
  5594 | D:5      | Reached skill level 9 in Spellcasting
  5599 | D:5      | Noticed Delamore's ghost (amateur HOFi)
  5618 | D:5      | Reached skill level 1 in Fighting
  5684 | D:5      | Reached XP level 8. HP: 43/43 MP: 16/23
  6360 | D:6      | Reached skill level 10 in Spellcasting
  6464 | D:6      | Found a shadowy altar of Dithmenos.
  6464 | D:6      | Found a bloodstained altar of Trog.
  6635 | D:6      | Shot with an arrow by a centaur

Levels and vault maps discovered:
D:1:      shiori_arrival_whats_in_store_for_you, layout_loops_ring
D:2:      layout_basic, minmay_misc_feat_secret_circle, grunt_ministairs_6,
          tgw_xom, uniq_robin
D:3:      layout_loops_ring, minmay_gold_behind_fungi, uniq_grinder
D:4:      layout_loops_cross, minmay_temple_entry_proselytizer
D:5:      layout_loops_cross, nicolae_ossuary_entry_plus, first_ration,
          ebering_ghost_disaster_area, chequers_arboretum
D:6:      layout_loops_ring, kennysheep_little_box,
          gammafunk_temple_overflow_statue, glass_columns_c

Skill      XL: |  1  2  3  4  5  6  7  8 |
---------------+-------------------------+-----
Spellcasting   | 5 6 7 8 9 10 | 10.3
Dodging        | 3 4 |  4.2
Conjurations   | 2 3 4 5 6 |  6.8
Stealth        | 3 |  3.9
Fire Magic     | 1 2 |  2.4
Fighting       | 1 |  1.3
Summonings     | |  1.1
Translocations | |  1.8

Action                   |  1- 3 |  4- 6 |  7- 9 || total
-------------------------+-------+-------+-------++-------
 Cast: Magic Dart        |    92 |   156 |   170 ||   418
       Blink             |       |     4 |     3 ||     7
       Conjure Flame     |       |    11 |    18 ||    29
       Mephitic Cloud    |       |       |     1 ||     1
  Use: Scroll            |       |     5 |       ||     5
  Eat: Chunk             |     2 |     7 |     5 ||    14
       Ration            |       |     1 |       ||     1
Armor: Robe              |    15 |     3 |     4 ||    22
Dodge: Dodged            |    48 |    16 |    19 ||    83
